 Dungeon Crawl Stone Soup version 0.18.1-48-g4cf74bf (webtiles) character file.

3637 Inkary the Protected (level 9, -7/74 HPs)
             Began as a Minotaur Fighter on Aug 24, 2016.
             Hit by a javelin of returning thrown by a centaur (10 damage)
             ... in a bailey.
             The game lasted 00:19:02 (6988 turns).

Inkary the Protected (Minotaur Fighter)             Turns: 6988, Time: 00:19:04

Health: -7/74      AC: 15    Str: 19 (21) XL:     9   Next: 87%
Magic:  7/7        EV:  8    Int:  9 (10) God:    Xom [.....*]
Gold:   164        SH: 11    Dex: 14 (15) Spells: 0 memorised, 8 levels left

rFire  + . .     SeeInvis .     a - +1 flail
rCold  . . .     Gourm    .     x - +0 scale mail
rNeg   . . .     Faith    .     c - +0 shield
rPois  .         Spirit   .     (helmet restricted)
rElec  .         Dismiss  .     p - +0 cloak
rCorr  .         Reflect  .     m - +0 pair of gloves
SustAt .         Harm     .     (no boots)
MR     .....     Clarity  +     (no amulet)
Stlth  ..........               (no ring)
                                (no ring)

@: brilliant, about to teleport, drained, not resistant to hostile enchantments,
extremely unstealthy
A: retaliatory headbutt, claws 1, hooves 1, horns 2, iridescent scales 1, agile
1, clarity, deterioration 1, fire resistance 1, frail 1, low mp 1, mutation
resistance 1, slow regeneration 1
a: Renounce Religion


You were in a bailey.
You worshipped Xom.
You were Xom's teddy bear.
You were not hungry.

You visited 2 branches of the dungeon, and saw 9 of its levels.
You also visited: Bailey.

You collected 303 gold pieces.
You spent 139 gold pieces at shops.

Inventory:

Hand Weapons
 a - a +1 flail (weapon)
Missiles
 A - 2 throwing nets (quivered)
Armour
 c - a +0 shield (worn)
 m - a +0 pair of gloves (worn)
 p - a +0 cloak (worn)
 x - a +0 scale mail (worn)
Rods
 z - a +6 rod of inaccuracy (10/10)
   (Xom gifted it to you on level 7 of the Dungeon)
Wands
 C - a wand of confusion (23/48)
Scrolls
 e - 3 scrolls of teleportation
 f - 2 scrolls of fog
 g - 3 scrolls of recharging {unknown}
 i - a scroll of immolation
 k - 3 scrolls of remove curse
 n - 5 scrolls of identify
 q - a scroll of summoning {unknown}
 w - a scroll of fear
 y - 2 scrolls of enchant armour {unknown}
Potions
 d - 2 potions of might
 o - a potion of flight
Comestibles
 b - 7 royal jellies
 h - a slice of pizza
 l - 4 meat rations
 s - 2 bread rations
 t - 2 fruits


   Skills:
 + Level 9.1(8.5) Fighting
 + Level 8.8(8.2) Maces & Flails
 + Level 9.5(8.9) Armour
 + Level 9.2(8.6) Shields


You had 8 spell levels left.
You didn't know any spells.

Dungeon Overview and Level Annotations

Branches:
Dungeon (8/15)             Temple (1/1) D:4
   Lair: D:8-11

Altars:
Ashenzari
Cheibriados
Dithmenos
Elyvilon
Fedhas
Gozag
Kikubaaqudgha
Makhleb
Nemelex Xobeh
Okawaru
Pakellas
Qazlal
Ru
Sif Muna
Trog
Vehumet
Xom
Yredelemnul
Zin
The Shining One
Lugonu

Shops:
D:4 [*!:(   D:6 (

Annotations:
Bailey Joat's ghost, novice DrMo


Innate Abilities, Weirdness & Mutations

You reflexively headbutt those who attack you in melee.
You have a pair of horns on your head.
You have sharp fingernails.
You have large cloven feet.
You are partially covered in iridescent scales (AC +4).
You are agile. (Dex +2)
You possess an exceptional clarity of mind.
Your body sometimes deteriorates upon taking damage.
Your flesh is heat resistant.
You are frail (-10% HP).
Your magical capacity is low (-10% MP).
You are somewhat resistant to further mutation.
You regenerate slowly when monsters are visible.


Message History

Joat's ghost breathes negative energy at you.
The bolt of negative energy hits you!
You feel drained.
* * * LOW HITPOINT WARNING * * *
An orc comes into view. It is wielding a trident.
Drink which item? (? for menu, Esc to quit)
It was a potion of brilliance.
You feel clever all of a sudden.
The centaur throws a javelin of returning.
The javelin of returning closely misses you.
The weapon returns to the centaur!
Joat's ghost hits you but does no damage.
Drink which item? (? for menu, Esc to quit)
It was a potion of degeneration.
There was something very wrong with that liquid.
You feel weakened.
You feel dopey.
You feel clumsy.
Xom thinks this is hilarious!
The centaur throws a javelin of returning.
The javelin of returning hits you!
You die...
Xom chuckles heartily!

o.≈≈..≈.≈..≈≈..
.≈≈.≈≈≈.≈≈≈.≈≈.
o≈o≈≈.coo.≈≈.≈o
≈≈o≈.≈≈≈≈≈.≈.≈≈
≈.≈≈.≈...≈.≈≈.≈
≈.≈.≈≈...≈≈.≈.≈
≈.≈.≈.⌠∩⌠.≈.≈.≈
≈.≈.≈..W..≈.≈.≈
≈.≈.≈.⌠@⌠.≈o≈.≈
≈.≈.≈≈...≈≈.≈.≈
≈.≈≈.≈...≈.≈≈.≈
≈≈.≈.≈≈.≈≈.≈o≈≈
.≈.≈≈.≈.≈.≈≈o≈.
....≈≈...≈≈o...
.....≈≈≈≈≈.....
≈≈≈....c....≈≈≈
##≈≈⌠$.$.$⌠≈≈##


You could see 2 centaurs, Joat's ghost and 10 orcs.

Vanquished Creatures
  The ghost of ceb the Skirmisher, an amateur MiBe of Trog (D:4)
  Eustachio (D:6)
  A naga (D:6)
  3 sky beasts
  A necrophage (D:7)
  5 ogres
  Blork the orc (D:6)
  3 giant frogs (D:7)
  2 scorpions
  A troll zombie (D:7)
  8 killer bees (D:8)
  A howler monkey (D:5)
  A troll skeleton (D:7)
  2 crimson imps
  A giant frog zombie (D:5)
  A quasit (D:7)
  A hound (D:5)
  A jelly (D:5)
  6 human zombies (D:7)
  An orc priest (D:3)
  5 orc wizards
  3 centaur skeletons
  A giant frog skeleton (D:7)
  An iguana (D:6)
  2 human skeletons (D:7)
  Natasha (thrice) (D:2)
  5 worker ants
  An ogre zombie (D:7)
  A hound skeleton (D:6)
  11 gnolls
  6 adders
  2 howler monkey skeletons
  An adder zombie (D:5)
  An adder skeleton (D:6)
  3 worms
  A dart slug (D:2)
  3 giant geckos
  27 orcs
  3 ball pythons
  8 bats
  5 giant cockroaches
  9 goblins
  4 hobgoblins (D:2)
  4 jackals (D:1)
  3 quokkas
  A giant gecko zombie (D:5)
  11 giant newts
  11 kobolds
  9 rats
187 creatures vanquished.

Vanquished Creatures (collateral kills)
  A queen bee (D:8)
  An orc warrior (D:8)
  An ogre (D:5)
  4 killer bees (D:8)
  An orc (D:8)
  2 goblins (D:8)
10 creatures vanquished.

Vanquished Creatures (others)
  2 killer bees (D:8)
  An orc priest (D:4)
  An orc wizard (D:7)
  3 orcs (D:7)
7 creatures vanquished.

Grand Total: 204 creatures vanquished

Notes
Turn   | Place    | Note
--------------------------------------------------------------
     0 | D:1      | Inkary the Minotaur Fighter began the quest for the Orb.
     0 | D:1      | Reached XP level 1. HP: 19/19 MP: 0/0
   175 | D:1      | Reached XP level 2. HP: 18/27 MP: 1/1
   742 | D:2      | Reached XP level 3. HP: 29/33 MP: 2/2
  1161 | D:2      | Noticed Natasha
  1164 | D:2      | Killed Natasha
  1182 | D:2      | Noticed Natasha
  1189 | D:2      | Killed Natasha
  1189 | D:2      | Reached XP level 4. HP: 35/40 MP: 3/3
  1421 | D:2      | Noticed Natasha
  1425 | D:2      | Killed Natasha
  1782 | D:3      | Reached XP level 5. HP: 39/47 MP: 4/4
  1811 | D:3      | Reached skill level 5 in Armour
  1865 | D:3      | Found a deep blue altar of Sif Muna.
  1910 | D:3      | Found a shimmering altar of Xom.
  2092 | D:3      | Became a worshipper of Xom the Capricious
  2168 | D:4      | Found Kazxavvof's Distillery.
  2170 | D:4      | Noticed ceb's ghost (amateur MiBe)
  2193 | D:3      | XOM: smoke on damage
  2507 | D:4      | XOM: silly message
  2729 | D:4      | Found a shattered altar of Ashenzari.
  2729 | D:4      | Found Asmef's General Store.
  2743 | D:4      | Bought a scroll of fear for 35 gold pieces
  2743 | D:4      | Bought a scroll of identify for 20 gold pieces
  2777 | D:4      | Noticed an ogre
  2783 | D:4      | XOM: divination: detect creatures
  2827 | D:3      | XOM: cast spell 'Spider Form'
  3036 | D:4      | XOM: potion effect (agility)
  3040 | D:4      | HP: 2/47 [ogre/giant club (15)]
  3041 | D:4      | Gained mutation: You have large cloven feet. [potion of beneficial mutation]
  3042 | D:4      | Lost mutation: You have large cloven feet. [potion of cure mutation]
  3044 | D:4      | Killed an ogre
  3044 | D:4      | Reached skill level 5 in Fighting
  3044 | D:4      | Reached XP level 6. HP: 4/56 MP: 5/5
  3109 | D:4      | Reached skill level 5 in Shields
  3127 | D:4      | XOM: harmless Summ miscast
  3433 | D:5      | Entered Level 5 of the Dungeon
  3617 | D:5      | XOM: confuse monster(s)
  3622 | D:5      | XOM: enchant monster (good)
  3645 | D:5      | XOM: cast spell 'Ice Form'
  3695 | D:5      | Reached skill level 5 in Maces & Flails
  3730 | D:5      | Reached XP level 7. HP: 30/61 MP: 6/6
  3842 | D:5      | XOM: divination: magic mapping
  3873 | D:5      | XOM: summons friendly white imp
  4153 | D:4      | Found Necuar's Armour Shoppe.
  4162 | D:4      | XOM: potion effect (curing)
  4173 | D:4      | Killed ceb's ghost
  4453 | D:4      | Reached XP level 8. HP: 69/71 MP: 7/7
  4479 | D:4      | XOM: scenery: create altars
  4512 | D:4      | Bought a potion of curing for 42 gold pieces
  4512 | D:4      | Bought a potion of lignification for 42 gold pieces
  4560 | D:4      | Found a staircase to the Ecumenical Temple.
  4635 | Temple   | Entered the Ecumenical Temple
  4749 | D:4      | Found Tuelyext's Antique Weapon Shop.
  4757 | D:4      | Found Xoggeck's Book Shop.
  4835 | D:4      | XOM: vitrification
  4967 | D:6      | XOM: vitrification
  4982 | D:6      | Noticed Blork the orc
  4997 | D:6      | Killed Blork the orc
  5179 | D:6      | Noticed Eustachio
  5198 | D:6      | Killed Eustachio
  5211 | D:6      | XOM: confuse monster(s)
  5214 | D:6      | XOM: scenery: create altars
  5330 | D:6      | XOM: scenery: create altars
  5463 | D:6      | XOM: polymorph sky beast -> naga
  5466 | D:6      | XOM: confuse monster(s)
  5487 | D:6      | Gained mutation: You have large cloven feet. [mutagenic meat]
  5488 | D:6      | Gained mutation: You regenerate slowly when monsters are visible. [mutagenic meat]
  5489 | D:6      | Gained mutation: You have sharp fingernails. [mutagenic meat]
  5491 | D:6      | Gained mutation: Your magical capacity is low (-10% MP). [mutagenic meat]
  5492 | D:6      | Gained mutation: Your flesh is heat resistant. [mutagenic meat]
  5493 | D:6      | Gained mutation: You are frail (-10% HP). [mutagenic meat]
  5494 | D:6      | Gained mutation: You possess an exceptional clarity of mind. [mutagenic meat]
  5495 | D:6      | Gained mutation: Your body sometimes deteriorates upon taking damage. [mutagenic meat]
  5521 | D:6      | Found Raez's Weapon Boutique.
  5597 | D:6      | XOM: scenery: 2 doors open, 1 doors close
  5689 | D:6      | Found an oddly glowing altar of Pakellas.
  5702 | D:6      | Found a glowing silver altar of Zin.
  5762 | D:6      | Found a shadowy altar of Dithmenos.
  5762 | D:6      | Found a glowing golden altar of the Shining One.
  5764 | D:6      | Found a white marble altar of Elyvilon.
  5765 | D:6      | Found a burning altar of Makhleb.
  5766 | D:6      | Found a snail-covered altar of Cheibriados.
  5832 | D:7      | Found a stormy altar of Qazlal.
  5842 | D:7      | XOM: cast spell 'Statue Form'
  5883 | D:7      | XOM: smoke on damage
  5942 | D:7      | XOM: scenery: create altars
  6088 | D:7      | Reached XP level 9. HP: 66/72 MP: 7/7
  6093 | D:7      | XOM: destruction
  6128 | D:7      | XOM: god gift: twisted glowing rod {god gift}
  6130 | D:7      | Identified a +6 rod of inaccuracy (10/10) (Xom gifted it to you on level 7 of the Dungeon)
  6349 | D:7      | XOM: give mutations
  6349 | D:7      | Gained mutation: You are agile. (Dex +2) [Xom's grace]
  6349 | D:7      | Gained mutation: You are somewhat resistant to further mutation. [Xom's grace]
  6349 | D:7      | Gained mutation: You are partially covered in iridescent scales (AC +4). [Xom's grace]
  6386 | D:7      | XOM: vitrification
  6395 | D:7      | Found an ancient bone altar of Kikubaaqudgha.
  6501 | D:7      | XOM: enchant monster (good)
  6655 | D:8      | Noticed a queen bee
  6665 | D:8      | XOM: potion effect (haste)
  6667 | D:8      | XOM: swap monsters
  6673 | D:8      | XOM: scenery: create altars
  6675 | D:8      | XOM: swap monsters
  6693 | D:8      | XOM: confuse monster(s)
  6703 | D:8      | XOM: destruction
  6728 | D:8      | XOM: summons friendly chaos spawn
  6814 | D:8      | Killed a queen bee
  6864 | D:8      | XOM: scenery: create altars
  6885 | D:8      | Found a flagged portal.
  6978 | Bailey   | Entered a bailey
  6978 | Bailey   | Noticed Joat's ghost (novice DrMo)
  6986 | Bailey   | HP: 2/74 [Joat's ghost/bolt of negative energy (18)]
  6988 | Bailey   | Hit by a javelin of returning thrown by a centaur

Skill      XL: |  1  2  3  4  5  6  7  8  9 |
---------------+----------------------------+-----
Armour         | 4 5 6 7 8 9 |  9.5
Maces & Flails | 3 4 5 7 8 |  8.8
Fighting       | 4 5 6 7 9 |  9.1
Shields        | 4 5 6 7 9 |  9.2

Action                   |  1- 3 |  4- 6 |  7- 9 || total
-------------------------+-------+-------+-------++-------
Melee: Flail             |    92 |   176 |   402 ||   670
       Headbutt          |    14 |    33 |    72 ||   119
       Unarmed           |       |    12 |       ||    12
       Kick              |       |       |    88 ||    88
  Use: Potion            |       |     3 |     8 ||    11
       Scroll            |       |       |    10 ||    10
 Stab: Confused          |       |     1 |     2 ||     3
  Eat: Chunk             |     1 |     3 |    16 ||    20
       Beef jerky        |       |     1 |     2 ||     3
       Bread ration      |       |     1 |       ||     1
       Royal jelly       |       |       |     1 ||     1
Armor: Scale mail        |    49 |    75 |   157 ||   281
       Skin              |       |     4 |    74 ||    78
Dodge: Dodged            |    33 |    53 |   127 ||   213
Block: Shield            |    42 |    99 |   270 ||   411
